 Dungeon Crawl Stone Soup version 0.20.1-1-g8b1a95d (webtiles) character file.

118 Saithnar the Skirmisher (level 5, 0/47 HPs)
             Began as a Hill Orc Abyssal Knight on Aug 18, 2017.
             Was a Follower of Lugonu.
             Slain by manon's ghost (9 damage)
             ... on level 3 of the Dungeon.
             The game lasted 00:07:06 (2997 turns).

Saithnar the Skirmisher (Hill Orc Abyssal Knight)   Turns: 2997, Time: 00:07:07

Health: 0/47       AC:  4    Str: 16    XL:     5   Next: 2%
Magic:  7/7        EV: 11    Int: 12    God:    Lugonu [*.....]
Gold:   116        SH:  0    Dex: 10    Spells: 4/4 levels left

rFire    + . .     SeeInvis .   a - +1 spear
rCold    x . .     Gourm    .   (no shield)
rNeg     . . .     Faith    .   b - +1 leather armour
rPois    .         Spirit   .   (no helmet)
rElec    .         Reflect  .   (no cloak)
rCorr    .         Harm     .   (no gloves)
MR       .....                  (no boots)
Stlth    +.........             (no amulet)
Regen    0.2/turn               e - ring of wizardry
MPRegen  0.1/turn               k - ring of fire

@: lethally poisoned (0 -> -5)
A: no striking features
a: Depart the Abyss, Renounce Religion


You were on level 3 of the Dungeon.
You worshipped Lugonu.
Lugonu was aware of your devotion.
You were not hungry.

You visited 1 branch of the dungeon, and saw 3 of its levels.
You visited the Abyss 1 time.

You collected 116 gold pieces.

Inventory:

Hand Weapons
 a - a +1 spear (weapon)
 d - a +0 spear
 g - a cursed -1 spear
 q - a +2 mace of protection
Armour
 b - a +1 leather armour (worn)
Jewellery
 e - a ring of wizardry (left hand)
 j - a +5 ring of intelligence
 k - a ring of fire (right hand)
Wands
 c - a wand of confusion (28/48)
Scrolls
 h - 2 scrolls of teleportation
Potions
 l - a potion of haste {unknown}
 n - a potion of flight {unknown}
 p - a potion of degeneration {unknown}
Comestibles
 o - a bread ration


   Skills:
 + Level 4.3 Fighting
 + Level 3.9 Polearms
 + Level 2.9 Armour
 + Level 1.6 Dodging
 + Level 2.7 Invocations


You had 4 spell levels left.
You didn't know any spells.

Dungeon Overview and Level Annotations

Branches:
Dungeon (3/15)

Altars:
Ashenzari

Annotations:
D:3 manon's ghost, amateur GrWz


Message History

You hit manon's ghost but do no damage.
Manon's ghost is lightly damaged.
The adder closely misses you.
Manon's ghost hits you but does no damage.
The adder bites you.
You are poisoned.
The adder poisons you!
You feel sick. Manon's ghost hits you!
You hit the adder.
The adder is heavily wounded.
Manon's ghost hits you!
* * * LOW HITPOINT WARNING * * *
The adder barely misses you.
You miss the adder.
The adder is heavily wounded.
The adder bites you.
* * * LOW HITPOINT WARNING * * *
You are more poisoned.
The adder poisons you! Manon's ghost hits you!
You die...

........+>.
........#.#
........#.##
#..<.%.....
#.......#.
#........#
#.......W####
........S@..#
............####
.#......<.......
#.#####.#..####
# ........
#..#.#.#..
#..#.#.# .
...#.#.# ..##


You could see manon's ghost and an adder.

Vanquished Creatures
  Jessica (D:2)
  3 adders (D:2)
  6 worms (D:2)
  4 dart slugs
  An orc (D:2)
  5 bats
  3 giant cockroaches
  3 goblins (D:2)
  3 hobgoblins
  3 jackals (D:2)
  2 quokkas (D:2)
  3 frilled lizards
  3 kobolds
  3 rats
43 creatures vanquished.

Notes
Turn   | Place    | Note
-------+----------+-------------------------------------------
     0 | Abyss:1  | Saithnar the Hill Orc Abyssal Knight began the quest for the Orb.
     0 | Abyss:1  | Reached XP level 1. HP: 19/19 MP: 2/2
     0 | D:1      | Escaped the Abyss
   104 | D:1      | Reached XP level 2. HP: 16/27 MP: 3/3
   511 | D:1      | Reached skill level 4 in Fighting
   569 | D:1      | Reached skill level 1 in Dodging
   966 | D:2      | Reached * piety under Lugonu
   974 | D:2      | Reached XP level 3. HP: 31/33 MP: 4/4
  1294 | D:2      | Noticed Jessica
  1296 | D:2      | Found a shattered altar of Ashenzari.
  1321 | D:2      | Killed Jessica
  1321 | D:2      | Reached XP level 4. HP: 20/40 MP: 6/6
  2958 | D:2      | Reached XP level 5. HP: 43/47 MP: 7/7
  2981 | D:3      | Noticed manon's ghost (amateur GrWz)
  2997 | D:3      | Slain by manon's ghost

Skill      XL: |  1  2  3 |
---------------+----------+-----
Fighting       | 4 |  4.3
Dodging        | 1 |  1.6
Polearms       | 3 |  3.9
Armour         | |  2.9
Invocations    | |  2.7

Action                   |  1- 3 |  4- 6 || total
-------------------------+-------+-------++-------
Melee: Spear             |    98 |   117 ||   215
Invok: Depart the Abyss  |     1 |       ||     1
  Use: Potion            |     1 |     2 ||     3
       Scroll            |       |     4 ||     4
  Eat: Chunk             |     1 |       ||     1
       Fruit             |       |     2 ||     2
       Bread ration      |       |     1 ||     1
Armor: Leather armour    |    52 |    26 ||    78
       Skin              |     4 |     1 ||     5
Dodge: Dodged            |    93 |    75 ||   168
